 Dungeon Crawl Stone Soup version 0.20.1-1-g8b1a95d (webtiles) character file.

51 Saithnar the Charlatan (level 4, 0/32 HPs)
             Began as a Human Artificer on Aug 17, 2017.
             Succumbed to an adder's poison
             ... on level 2 of the Dungeon.
             The game lasted 00:07:16 (2232 turns).

Saithnar the Charlatan (Human Artificer)            Turns: 2232, Time: 00:07:17

Health: 0/32       AC:  3    Str: 13    XL:     4   Next: 7%
Magic:  6/6        EV: 12    Int: 11    God:
Gold:   77         SH:  0    Dex: 14    Spells: 3/3 levels left

rFire    . . .     SeeInvis .   m - +0 dagger
rCold    . . .     Gourm    .   (no shield)
rNeg     . . .     Faith    .   b - +0 leather armour
rPois    .         Spirit   .   (no helmet)
rElec    .         Reflect  .   (no cloak)
rCorr    .         Harm     .   (no gloves)
MR       .....                  (no boots)
Stlth    ++........             (no amulet)
Regen    0.1/turn               (no ring)
MPRegen  0.1/turn               (no ring)

@: lethally poisoned (0 -> -5)
A: no striking features
a: no special abilities


You were on level 2 of the Dungeon.
You were very hungry.

You visited 1 branch of the dungeon, and saw 2 of its levels.

You collected 77 gold pieces.

Inventory:

Hand Weapons
 a - a +0 short sword
 g - a +0 dagger
 h - a +0 club
 k - a +0 dagger
 m - a +0 dagger (weapon)
Armour
 b - a +0 leather armour (worn)
Wands
 c - a wand of flame (11/48)
 d - a wand of enslavement (14/24)
 e - a wand of random effects (14/48)
Scrolls
 i - a scroll of immolation {unknown}
 j - 4 scrolls of teleportation {unknown}
 l - a scroll of random uselessness {unknown}
 q - a scroll of identify {unknown}
Potions
 o - a potion of cancellation {unknown}
 s - 2 potions of brilliance {unknown}
Comestibles
 f - 2 bread rations
 n - 4 fruits
 p - a royal jelly
 r - a meat ration


   Skills:
 + Level 1.4 Fighting
 + Level 1.4 Short Blades
 + Level 1.6 Armour
 + Level 2.2 Dodging
 + Level 1.3 Stealth
 + Level 3.5 Evocations


You had 3 spell levels left.
You didn't know any spells.

Dungeon Overview and Level Annotations

Branches:
Dungeon (2/15)

Altars:
Trog
Xom


Message History

The quokka closely misses you. The adder bites you but does no damage.
The quokka bites you but does no damage.
The adder barely misses you. The quokka closely misses you.
The adder bites you but does no damage.
You feel sick. The adder misses you. The quokka bites you.
The adder closely misses you. The quokka barely misses you.
The adder bites you.
You are more poisoned.
The adder poisons you! The quokka bites you.
* * * LOW HITPOINT WARNING * * *
The adder bites you but does no damage.
You feel sick. The quokka bites you.
* * * LOW HITPOINT WARNING * * *
The adder misses you. The quokka bites you.
* * * LOW HITPOINT WARNING * * *
The adder closely misses you. The quokka barely misses you.
The adder bites you.
* * * LOW HITPOINT WARNING * * *
The quokka closely misses you.
You die...

.....###.........
..... #.#..##.## ###
#.##....##>#
#######...#.###.# #
##......##.#.###.#
##.
...###.##.......#
...
#..###.####.######
..
#Sr#........#####.
#.#@.#.#.#######...#
#........# #.##.
#.......##### #.##.
######### #.##.
#.##. #.... ####.
#####. #.....


You could see an adder and a quokka.

Vanquished Creatures
  2 oozes
  A worm (D:2)
  A dart slug (D:1)
  3 bat zombies (D:2)
  6 giant cockroaches
  6 goblins
  3 hobgoblins (D:1)
  A quokka (D:2)
  3 bats
  3 frilled lizards (D:2)
  A kobold (D:2)
  3 rats (D:1)
  A rat zombie (D:2)
34 creatures vanquished.

Notes
Turn   | Place    | Note
-------+----------+-------------------------------------------
     0 | D:1      | Saithnar the Human Artificer began the quest for the Orb.
     0 | D:1      | Reached XP level 1. HP: 15/15 MP: 3/3
   147 | D:1      | Reached XP level 2. HP: 18/21 MP: 4/4
   638 | D:1      | Reached XP level 3. HP: 26/26 MP: 5/5
   821 | D:1      | Reached skill level 1 in Armour
   909 | D:2      | Found a bloodstained altar of Trog.
  1256 | D:2      | Found a shimmering altar of Xom.
  1889 | D:2      | Reached XP level 4. HP: 17/32 MP: 6/6
  2229 | D:2      | HP: 1/32 [quokka (4)]
  2232 | D:2      | Succumbed to an adder's poison

Skill      XL: |  1  2  3 |
---------------+----------+-----
Armour         | 1 |  1.6
Fighting       | |  1.4
Short Blades   | |  1.4
Dodging        | |  2.2
Stealth        | |  1.3
Evocations     | |  3.5

Action                   |  1- 3 |  4- 6 || total
-------------------------+-------+-------++-------
Melee: Short sword       |    29 |       ||    29
       Dagger            |   167 |     6 ||   173
Evoke: Wand              |     1 |     5 ||     6
 Stab: Sleeping          |     2 |       ||     2
  Eat: Chunk             |     3 |       ||     3
Armor: Leather armour    |    73 |     7 ||    80
Dodge: Dodged            |   192 |    23 ||   215
